 Dungeon Crawl Stone Soup version 0.15-a0-1506-g1b030bc (webtiles) character file.

38047 Crauler the Grappler (level 13, -7/107 (108) HPs)
             Began as a Pale Draconian Transmuter on June 14, 2014.
             Was the Champion of Cheibriados.
             Killed from afar by a starcursed mass (9 damage)
             ... with an accursed screaming
             ... on Level 1 of the Abyss on June 15, 2014.
             The game lasted 02:21:37 (18475 turns).

Crauler the Grappler (Pale Draconian Transmuter)   Turns: 18475, Time: 02:21:38

HP  -7/107 (108) AC  8     Str 27      XL: 13   Next: 61%
MP  13/26        EV 24     Int 32      God: Cheibriados [******]
Gold 1733        SH  0     Dex 25      Spells:  9 memorised,  5 levels left

rFire  . . .     SeeInvis .       - Unarmed
rCold  + . .     Clarity  .     (armour unavailable)
rNeg   . . .     rCorr    +     m - melded +0 buckler
rPois  +         rRot     .     (helmet restricted)
rElec  .         Spirit   .     (no cloak)
SustAb .         Warding  .     K - melded +0 pair of gloves
rMut   .         Stasis   .     (no boots)
Gourm  .                        t - amulet of resist corrosion
MR     .....                    e - ring of poison resistance
                                y - ring of protection from cold

@: blade hands, constricted, repel missiles, very slow, not resistant to hostile
enchantments, unstealthy
A: breathe steam, unfitting armour, hooves 1, clumsy 1, low mp 1, weak 1,
cold-blooded, AC +8
a: Breathe Steam, End Transformation, Bend Time, Temporal Distortion, Slouch,
Step From Time, Renounce Religion


You were on level 1 of the Abyss.
You worshipped Cheibriados.
Cheibriados was exalted by your worship.
You were not hungry.
Your hands were blades.
You visited 3 branches of the dungeon, and saw 18 of its levels.
You visited the Abyss 1 time.

You collected 1733 gold pieces.

Inventory:

Hand weapons
 s - a cursed +2,+1 whip of venom
Missiles
 c - 49 tomahawks (quivered)
 r - 15 poisoned needles
 W - 4 javelins
Armour
 m - a +0 buckler (melded)
 B - a +2 pair of boots
 K - a +0 pair of gloves (melded)
Magical devices
 F - a wand of lightning (5)
 I - a wand of teleportation (3)
 O - a wand of confusion (14)
 U - a wand of cold (9)
Comestibles
 a - 4 bread rations
 j - 7 meat rations
 k - 3 beef jerkies
 C - 15 fruits
 R - a royal jelly
Scrolls
 g - 5 scrolls of teleportation
 i - 6 scrolls of remove curse
 n - 4 scrolls of enchant armour
 p - 4 scrolls of blinking
 z - 3 scrolls of enchant weapon I {unknown}
 D - 2 scrolls of recharging {unknown}
 E - 14 scrolls of identify
 N - 3 scrolls of amnesia {unknown}
 V - a scroll of summoning {unknown}
 Z - a scroll of fog {unknown}
Jewellery
 e - a ring of poison resistance (right scythe-like blade)
 h - a +1 ring of intelligence
 q - a +3 ring of strength
 t - an amulet of resist corrosion (around neck)
 y - a ring of protection from cold (left scythe-like blade)
 A - an uncursed ring of ice
 P - an uncursed ring of teleportation
 Y - a +3 ring of protection {unknown}
Potions
 b - 3 potions of curing
 f - a potion of flight
 v - a potion of agility
 w - a potion of brilliance
 x - a potion of magic
Books
 d - a book of Changes

   Spells                             Type                      Level
   *Beastly Appendage                 Transmutation                1
   Sticks to Snakes                   Transmutation                2
   *Spider Form                       Transmutation/Poison         3
   Ice Form                           Ice/Transmutation            4
   *Blade Hands                       Transmutation                5
 o - a book of Clouds

   Spells                             Type                      Level
   *Mephitic Cloud                    Conjuration/Poison/Air       3
   Conjure Flame                      Conjuration/Fire             3
   Poisonous Cloud                    Conjuration/Poison/Air       6
   Freezing Cloud                     Conjuration/Ice/Air          6
   Ring of Flames                     Charms/Fire                  7
 u - a book of Summonings

   Spells                             Type                      Level
   Abjuration                         Summoning                    3
   Recall                             Summoning/Translocation      3
   Shadow Creatures                   Summoning                    5
   Summon Demon                       Summoning                    5
   Summon Forest                      Summoning/Translocation      5
   Monstrous Menagerie                Summoning                    6
 G - a book of Transfigurations

   Spells                             Type                      Level
   Stoneskin                          Transmutation/Earth          2
   Ice Form                           Ice/Transmutation            4
   Statue Form                        Transmutation/Earth          6
   Dragon Form                        Transmutation                7
 H - a book of Air

   Spells                             Type                      Level
   Shock                              Conjuration/Air              1
   Swiftness                          Charms/Air                   2
   *Repel Missiles                    Charms/Air                   2
   *Flight                            Charms/Air                   3
   Static Discharge                   Conjuration/Air              3
   Lightning Bolt                     Conjuration/Air              5
 J - a book of Cantrips

   Spells                             Type                      Level
   Corona                             Hexes                        1
   Animate Skeleton                   Necromancy                   1
   Summon Small Mammal                Summoning                    1
   *Apportation                       Translocation                1
 M - a book of Battle

   Spells                             Type                      Level
   Infusion                           Charms                       1
   *Shroud of Golubria                Charms/Translocation         2
   Song of Slaying                    Charms                       2
   Spectral Weapon                    Hexes/Charms                 3
   *Regeneration                      Charms/Necromancy            3
Magical staves
 l - an uncursed staff of conjuration
Miscellaneous
 T - a plain deck of summonings


   Skills:
 + Level 8.6 Fighting
 * Level 11.1 Dodging
 * Level 12.1 Unarmed Combat
 + Level 8.1 Spellcasting
 - Level 3.0 Conjurations
 - Level 3.0 Charms
 * Level 9.5 Transmutations
 - Level 2.1 Air Magic
 - Level 7.1 Invocations


You had 5 spell levels left.
You knew the following spells:

 Your Spells              Type           Power        Failure   Level  Hunger
a - Beastly Appendage     Trmt           ######       8%          1    None
b - Spider Form           Trmt/Pois      #####.....   17%         3    None
c - Mephitic Cloud        Conj/Pois/Air  ###.....     41%         3    None
d - Blade Hands           Trmt           ######....   21%         5    ###....
e - Repel Missiles        Chrm/Air       ####..       21%         2    None
f - Flight                Chrm/Air       ####......   32%         3    None
g - Apportation           Tloc           ##........   28%         1    None
h - Shroud of Golubria    Chrm/Tloc      ###.......   24%         2    None
i - Regeneration          Chrm/Necr      ###.......   41%         3    None


Dungeon Overview and Level Annotations

Branches:
Dungeon (13/15)            Temple (1/1) D:5             Orc (4/4) D:11
    Elf (0/3) Orc:4          Lair (0/8) D:11
 Vaults: D:13-14

Altars:
Ashenzari
Cheibriados
Dithmenos
Elyvilon
Fedhas
Gozag
Kikubaaqudgha
Makhleb
Nemelex Xobeh
Okawaru
Qazlal
Sif Muna
Trog
Vehumet
Xom
Yredelemnul
Zin
The Shining One
Beogh

Shops:
Orc:4 :(*[

Annotations:
D:7 Crauler's ghost, experienced DrTm
D:8 exclusion: 2 oklob saplings


Innate Abilities, Weirdness & Mutations

You can breathe blasts of scalding steam.*
Your pale cyan-grey scales are hard (AC +8).*
Your body does not fit into most forms of armour.
Your cold-blooded metabolism reacts poorly to cold.*
You have large cloven feet.*
You are clumsy. (Dex -2)
Your magical capacity is low (-10% MP).
You are weak. (Str -2)


Message History

The guardian serpent completely misses you.
The naga warrior hits you with a club!!
* * * LOW HITPOINT WARNING * * *
x2 The naga warrior constricts you.
The naga completely misses you.
Drink which item? (? for menu, Esc to quit)
Okay, then.
You slice the guardian serpent!!
You kick the guardian serpent, but do no damage.
The guardian serpent is severely wounded.
The guardian serpent casts a spell at you.
You resist. The naga warrior hits you with a club!
* * * LOW HITPOINT WARNING * * *
x2 The naga warrior constricts you.
You slash the guardian serpent! You kick the guardian serpent.
You kill the guardian serpent!
Cheibriados thoroughly appreciates the change of pace.
The naga spits poison at you. The splash of poison misses you.
A chorus of shrieks assaults your mind.
You die...

..# . .
......... .
............
..#........ .
#.......... . .
........ > ..
...#...XX. ...
. #h..)N%##. .
. . #.XN@# .. #
#....)....... .
#...##...###...
. ### #..## ###
#### # . . . ..
#


You could see 3 starcursed masses, a naga warrior, a hell hog and a naga.

Vanquished Creatures
  2 orc warlords
  A vault guard (D:13)
  Harold (D:13)
  Nessos (D:11)
  A great orb of eyes (Abyss:1)
  3 hell hogs (Abyss:1)
  3 orc high priests (Orc:4)
  A centaur warrior (D:13)
  Urug (D:13)
  A giant orange brain (Abyss:1)
  A large abomination (Abyss:1)
  2 unseen horrors
  3 orc knights (Orc:4)
  A phantasmal warrior (Abyss:1)
  2 cyclopes
  5 orc sorcerers
  A hill giant (D:10)
  A worldbinder (Abyss:1)
  A manticore (D:12)
  A salamander (Abyss:1)
  Maurice (D:8)
  A guardian serpent (Abyss:1)
  An elephant (D:11)
  A gargoyle (D:13)
  Grinder (D:6)
  A hellwing (Abyss:1)
  4 trolls
  An ancient zyme (Abyss:1)
  3 slime creatures (D:13)
  A two-headed ogre (Orc:2)
  A ynoxinul (Abyss:1)
  A deep elf mage (D:13)
  3 starcursed masses (Abyss:1)
  A shadow (Abyss:1)
  A deep elf fighter (D:13)
  26 yaks
  A wraith (D:12)
  Grum (D:13)
  4 ugly things (D:11)
  3 hill giant skeletons
  A soldier ant (D:12)
  A warg (Orc:2)
  6 hippogriffs
  2 wolves (D:13)
  A mottled dragon (D:10)
  2 ice beasts
  2 small abominations (Abyss:1)
  39 orc warriors
  4 phantoms
  10 ogres
  3 boggarts (D:10)
  9 centaurs
  2 sky beasts
  6 giant frogs
  Duvessa (D:8)
  A crocodile (D:11)
  An eye of draining (D:13)
  10 killer bees
  2 scorpions
  4 wights (D:10)
  2 crimson imps
  Dowan (D:8)
  2 giant frog zombies
  4 goliath beetles
  6 jellies
  6 hounds
  2 giant frog skeletons
  31 orc priests
  47 orc wizards
  An elf skeleton (D:7)
  4 iguanas
  3 sheep
  6 worker ants
  Ijyb (D:6)
  4 wandering mushrooms (D:8)
  A mummy (D:12)
  A hound skeleton (D:4)
  13 adders
  4 gnolls
  3 giant mites
  2 shadow imps
  4 worms
  An ufetubus (Abyss:1)
  An adder zombie (D:5)
  2 orc skeletons
  2 adder skeletons
  An iguana skeleton (D:6)
  10 giant geckos
  An ooze (D:1)
  175 orcs
  11 bats
  A bat skeleton (D:5)
  6 giant cockroaches
  20 goblins
  14 hobgoblins
  10 jackals
  15 kobolds
  5 quokkas
  A giant cockroach zombie (D:6)
  5 giant newts
  A giant spore (D:6)
  A hobgoblin zombie (D:5)
  14 orc zombies
  16 rats
  2 ballistomycetes (D:6)
660 creatures vanquished.

Vanquished Creatures (collateral kills)
  A killer bee (D:7)
1 creature vanquished.

Vanquished Creatures (others)
  An orc zombie (Orc:4)
1 creature vanquished.

Grand Total: 662 creatures vanquished

Notes
Turn   | Place    | Note
--------------------------------------------------------------
     0 | D:1      | Crauler, the Draconian Transmuter, began the quest for the Orb.
     0 | D:1      | Reached XP level 1. HP: 16/16 MP: 3/3
   195 | D:1      | Reached XP level 2. HP: 11/23 MP: 4/4
   737 | D:1      | Reached XP level 3. HP: 28/28 MP: 6/6
  1208 | D:2      | Learned a level 3 spell: Spider Form
  1727 | D:2      | Reached XP level 4. HP: 18/35 MP: 8/8
  2038 | D:2      | HP: 1/35 [worm (7)]
  2884 | D:3      | Noticed a sky beast
  2897 | D:3      | Killed a sky beast
  2897 | D:3      | Reached skill level 4 in Unarmed Combat
  2897 | D:3      | Reached XP level 5. HP: 41/41 MP: 10/10
  3560 | D:3      | Reached XP level 6. HP: 48/48 MP: 12/12
  3865 | D:4      | Gained mutation: Your magical capacity is low (-10% MP). [potion of mutation]
  3865 | D:4      | Gained mutation: You have large cloven feet. [potion of mutation]
  3866 | D:4      | Paralysed by a potion of paralysis for 2 turns
  4010 | D:4      | Learned a level 3 spell: Mephitic Cloud
  4799 | D:4      | Found an opulent altar of Gozag.
  4809 | D:4      | Reached skill level 5 in Unarmed Combat
  4809 | D:4      | Reached skill level 1 in Conjurations
  4809 | D:4      | Your scales start fading to a pale cyan-grey colour.
  4809 | D:4      | Reached XP level 7. HP: 26/56 MP: 13/13
  5149 | D:5      | Entered Level 5 of the Dungeon
  5149 | D:5      | Found a white marble altar of Elyvilon.
  5553 | D:5      | Found a staircase to the Ecumenical Temple.
  5645 | D:5      | Reached skill level 1 in Air Magic
  5672 | Temple   | Entered the Ecumenical Temple
  5955 | D:6      | Found a snail-covered altar of Cheibriados.
  5959 | D:6      | Found a blossoming altar of Fedhas.
  5962 | D:6      | Became a worshipper of Cheibriados the Contemplative
  6278 | D:6      | Noticed Grinder
  6298 | D:6      | Paralysed by Grinder for 4 turns
  6306 | D:6      | Paralysed by Grinder for 7 turns
  6325 | D:6      | Killed Grinder
  6325 | D:6      | Reached XP level 8. HP: 8/63 MP: 3/15
  6649 | D:6      | Reached skill level 5 in Transmutations
  6920 | D:6      | Noticed Ijyb
  6943 | D:6      | Killed Ijyb
  7070 | D:6      | Reached skill level 6 in Unarmed Combat
  7110 | D:6      | Reached skill level 5 in Dodging
  7546 | D:7      | Found a white marble altar of Elyvilon.
  7650 | D:7      | Reached skill level 1 in Invocations
  7662 | D:7      | Reached XP level 9. HP: 31/71 MP: 11/18
  8348 | D:7      | Noticed Crauler's ghost (experienced DrTm)
  8373 | D:8      | Gained mutation: You are weak. (Str -2) [potion of mutation]
  8373 | D:8      | Gained mutation: You are clumsy. (Dex -2) [potion of mutation]
  8666 | D:8      | Noticed Maurice
  8981 | D:8      | Found a blossoming altar of Fedhas.
  9023 | D:8      | Killed Maurice
  9023 | D:8      | Reached skill level 7 in Unarmed Combat
  9358 | D:8      | Reached skill level 5 in Spellcasting
  9746 | D:8      | Noticed Duvessa
  9977 | D:8      | Noticed Dowan
  9985 | D:8      | Killed Dowan
  9989 | D:8      | Killed Duvessa
  9989 | D:8      | Acquired Cheibriados' first power
  9998 | D:8      | Learned a level 5 spell: Blade Hands
 10268 | D:8      | Reached skill level 5 in Fighting
 10283 | D:8      | Found a blossoming altar of Fedhas.
 10503 | D:8      | Acquired Cheibriados' second power
 10682 | D:8      | Identified a scroll of acquirement
 10689 | D:8      | Learned a level 2 spell: Repel Missiles
 10693 | D:8      | Learned a level 3 spell: Flight
 10742 | D:9      | Found a shadowy altar of Dithmenos.
 10751 | D:9      | Learned a level 1 spell: Apportation
 10805 | D:9      | Reached XP level 10. HP: 78/81 MP: 13/19
 10832 | D:9      | Found a shadowy altar of Dithmenos.
 10917 | D:9      | Found a glowing silver altar of Zin.
 10917 | D:9      | Noticed an angel
 11050 | D:9      | Found a bloodstained altar of Trog.
 11211 | D:9      | Reached skill level 8 in Unarmed Combat
 11383 | D:10     | Entered Level 10 of the Dungeon
 11402 | D:10     | Acquired Cheibriados' third power
 11435 | D:10     | HP: 4/81 [yak (11)]
 11859 | D:10     | Noticed a hill giant
 11880 | D:10     | Killed a hill giant
 11976 | D:10     | Killed an unseen horror
 12065 | D:10     | Reached XP level 11. HP: 70/89 MP: 21/21
 12169 | D:10     | Reached skill level 9 in Unarmed Combat
 12525 | D:11     | Noticed Nessos
 12569 | D:11     | Killed Nessos
 12695 | D:11     | Reached skill level 5 in Invocations
 12725 | D:11     | Learned a level 2 spell: Shroud of Golubria
 12896 | D:11     | Found a staircase to the Lair.
 12971 | D:11     | Reached skill level 1 in Charms
 12985 | D:11     | Found a staircase to the Orcish Mines.
 13495 | Orc:1    | Entered Level 1 of the Orcish Mines
 14108 | Orc:2    | Identified Qiagac's Tome of Hurtful Lightness (You found it on level 2 of the Orcish Mines)
 14133 | Orc:2    | Learned a level 3 spell: Regeneration
 14704 | Orc:4    | Entered Level 4 of the Orcish Mines
 14774 | Orc:4    | Found a staircase to the Elven Halls.
 14815 | Orc:3    | Found a roughly hewn altar of Beogh.
 14933 | Orc:3    | Noticed an orc warlord
 14945 | Orc:3    | Killed an orc warlord
 14945 | Orc:3    | Reached skill level 10 in Unarmed Combat
 14945 | Orc:3    | Reached XP level 12. HP: 54/97 MP: 7/23
 15361 | Orc:4    | Noticed an orc high priest
 15366 | Orc:4    | Killed an orc high priest
 15431 | Orc:4    | Noticed an orc warlord
 15440 | Orc:4    | Killed an orc warlord
 15606 | Orc:4    | Noticed an orc high priest
 15613 | Orc:4    | Killed an orc high priest
 15653 | Orc:4    | Noticed an orc high priest
 15683 | Orc:4    | Killed an orc high priest
 15689 | Orc:4    | Reached skill level 11 in Unarmed Combat
 16086 | Orc:4    | Reached skill level 10 in Dodging
 16112 | Orc:4    | Found Tesa's General Store.
 16116 | Orc:4    | Found Twuumait's Book Shoppe.
 16117 | Orc:4    | Found Enitera's Antique Armour Emporium.
 16117 | Orc:4    | Found Phauvannu's Antique Weapon Emporium.
 16648 | Orc:4    | Upgraded the game from 0.15-a0-1485-g692b94f to 0.15-a0-1506-g1b030bc
 17018 | D:12     | Killed an unseen horror
 17043 | D:12     | Reached XP level 13. HP: 50/106 MP: 19/25
 17720 | D:13     | Noticed Grum
 17727 | D:13     | Killed Grum
 17906 | D:13     | Noticed Harold
 17912 | D:13     | Killed Harold
 18123 | D:13     | Noticed Urug
 18145 | D:13     | Killed Urug
 18229 | D:13     | Cast into the Abyss (ogre mage)
 18231 | Abyss:1  | Found a corrupted altar of Lugonu.
 18290 | Abyss:1  | Reached skill level 12 in Unarmed Combat
 18357 | Abyss:1  | Noticed a starcursed mass
 18368 | Abyss:1  | Noticed an Executioner
 18384 | Abyss:1  | Killed a starcursed mass
 18386 | Abyss:1  | Killed a starcursed mass
 18387 | Abyss:1  | Killed a starcursed mass
 18466 | Abyss:1  | Noticed a starcursed mass
 18474 | Abyss:1  | HP: 1/107 [naga warrior/club (6)]
 18475 | Abyss:1  | Killed from afar by a starcursed mass

Action                   |  1- 3 |  4- 6 |  7- 9 | 10-12 | 13-15 || total
-------------------------+-------+-------+-------+-------+-------++-------
Melee: Unarmed           |   150 |    82 |   393 |   740 |   202 ||  1567
       Whip              |       |   176 |   128 |       |       ||   304
Throw: Tomahawk          |       |       |       |    25 |       ||    25
 Cast: Beastly Appendage |     1 |     2 |    12 |     4 |     7 ||    26
       Spider Form       |       |     2 |     6 |       |       ||     8
       Mephitic Cloud    |       |       |    16 |    18 |       ||    34
       Blade Hands       |       |       |     1 |    26 |     9 ||    36
       Repel Missiles    |       |       |       |     2 |     1 ||     3
       Regeneration      |       |       |       |    30 |    22 ||    52
       Shroud of Golubri |       |       |       |     2 |     4 ||     6
Invok: Bend Time         |       |       |     1 |       |       ||     1
       Slouch            |       |       |       |     4 |     3 ||     7
       Temporal Distorti |       |       |       |     1 |       ||     1
 Abil: Breathe Steam     |       |       |    11 |     5 |       ||    16
       End Transformatio |       |       |     2 |     1 |     3 ||     6
Evoke: Wand              |       |       |     3 |     1 |       ||     4
  Use: Potion            |     4 |     4 |     2 |    10 |     1 ||    21
       Scroll            |     4 |     1 |     4 |     2 |       ||    11
 Stab: Sleeping          |     1 |       |       |       |       ||     1
       Confused          |       |       |     9 |     4 |       ||    13
       Distracted        |       |       |       |     2 |       ||     2
